| TOP OF THE 1ST |
|
Hartford Whalers batting - Pitching for Brooklyn Cyclones : RHP Frankie Rodriguez
|
|
Pitching: RHP Frankie Rodriguez
|
|
|
Batting: SHB Jason McDonald
|
0-0: Ball 1-0: Ball 2-0: Ball 3-0: Called Strike 3-1: Foul Ball, location: 2F 3-2: Foul Ball, location: 2F 3-2: Base on Balls
|
|
Batting: LHB Dave Hansen
|
0-0: Ball 1-0: Foul Ball, location: 2F 1-1: Ball 2-1: Called Strike Jason McDonald steals 2nd base 2-2: SINGLE (Groundball, 3D, EV 107.5 MPH) Jason McDonald to third Runner from 3rd tries for Home, SAFE, throw by RF to home
|
|
Batting: SHB Bobby Bonilla
|
0-0: Called Strike 0-1: Swinging Strike 0-2: Ball 1-2: Ball 2-2: Fielders Choice at 2nd, 4-6 (Groundball, 4, EV 86.9 MPH)
|
|
Batting: LHB Rod Myers
|
0-0: Called Strike 0-1: Called Strike 0-2: Ball 1-2: Foul Ball, location: 2F 1-2: Strikes out looking
|
|
Batting: RHB Ricky Gutierrez
|
0-0: Called Strike 0-1: Foul Ball, location: 2F 0-2: Ball 1-2: Ball 2-2: Fielders Choice at 2nd, 6-4 (Groundball, 6, EV 94.4 MPH)
|
| Top of the 1st over - 1 run, 1 hit, 0 errors, 1 left on base; Hartford 1 - Brooklyn 0 |
| BOTTOM OF THE 1ST |
|
Brooklyn Cyclones batting - Pitching for Hartford Whalers : RHP Jimmy Haynes
|
|
Pitching: RHP Jimmy Haynes
|
|
|
Batting: RHB Onix Concepcion
|
0-0: SINGLE (Line Drive, 34D, EV 100.6 MPH)
|
|
Batting: LHB Ray Giannelli
|
0-0: Fielders Choice at 2nd, 4-6 (Groundball, 4, EV 98.1 MPH)
|
|
Batting: RHB Jed Hansen
|
0-0: Foul Ball, location: 2F 0-1: Ball 1-1: Ball 2-1: Foul Ball, location: 2F 2-2: Ball 3-2: SINGLE (Groundball, 4D, EV 106.9 MPH) Ray Giannelli to second Runner from 2nd tries for 3rd, OUT! 9-5
|
|
Batting: SHB Turner Ward
|
0-0: Ball 1-0: Ball 2-0: Ball 3-0: Base on Balls Jed Hansen to second
|
|
Batting: LHB Greg Blosser
|
0-0: Ground out 5-3 (Groundball, 5S, EV 82.5 MPH)
|
| Bottom of the 1st over - 0 runs, 2 hits, 0 errors, 2 left on base; Hartford 1 - Brooklyn 0 |
| TOP OF THE 2ND |
|
Hartford Whalers batting - Pitching for Brooklyn Cyclones : RHP Frankie Rodriguez
|
|
Batting: RHB Kevin Jordan
|
0-0: Called Strike 0-1: Foul Ball, location: 2F 0-2: Ball 1-2: Fly out, F8 (Flyball, 8RD, EV 76.9 MPH)
|
|
Batting: LHB Todd Dunwoody
|
0-0: Ball 1-0: Ball 2-0: Called Strike 2-1: Ball 3-1: Foul Ball, location: 2F 3-2: SINGLE (Groundball, 34D, EV 105.6 MPH)
|
|
Batting: RHB Mike Matheny
|
0-0: Ball 1-0: Fly out, F7 (Flyball, 7D, EV 98.1 MPH)
|
|
Batting: RHB Gary Disarcina
|
0-0: Fly out, F8 (Flyball, 8RD, EV 86.9 MPH)
|
| Top of the 2nd over - 0 runs, 1 hit, 0 errors, 1 left on base; Hartford 1 - Brooklyn 0 |
| BOTTOM OF THE 2ND |
|
Brooklyn Cyclones batting - Pitching for Hartford Whalers : RHP Jimmy Haynes
|
|
Batting: RHB Brent Cookson
|
0-0: Foul Ball, location: 2F 0-1: Ball 1-1: Called Strike 1-2: Ground out 5-3 (Groundball, 56S, EV 91.9 MPH)
|
|
Batting: RHB Pedro Castellano
|
0-0: Ball 1-0: Ball 2-0: SOLO HOME RUN (Flyball, 9D, EV 95.6 MPH), Distance : 387 ft
|
|
Batting: RHB Mike R. Fitzgerald
|
0-0: Foul Ball, location: 2F 0-1: Ball 1-1: Fly out, F8 (Flyball, 89S, EV 85.0 MPH)
|
|
Batting: RHB Alan Cockrell
|
0-0: Bunt missed! 0-1: Ball 1-1: Ball 2-1: Swinging Strike 2-2: Ball 3-2: Base on Balls
|
|
Batting: RHB Onix Concepcion
|
0-0: Ball 1-0: SINGLE (Groundball, 34D, EV 106.3 MPH) Alan Cockrell to second Runner from 2nd tries for 3rd, OUT! 9-5
|
| Bottom of the 2nd over - 1 run, 2 hits, 0 errors, 1 left on base; Hartford 1 - Brooklyn 1 |
| TOP OF THE 3RD |
|
Hartford Whalers batting - Pitching for Brooklyn Cyclones : RHP Frankie Rodriguez
|
|
Batting: SHB Jason McDonald
|
0-0: Ball 1-0: Called Strike 1-1: Ball 2-1: Ball 3-1: Swinging Strike 3-2: Base on Balls
|
|
Batting: LHB Dave Hansen
|
Pickoff Throw to First - Out! 1-3 0-0: Ball 1-0: Foul Ball, location: 2F 1-1: Swinging Strike 1-2: Foul Ball, location: 2F 1-2: Ball 2-2: Ball 3-2: TRIPLE (Flyball, 78XD, EV 102.5 MPH)
|
|
Batting: SHB Bobby Bonilla
|
0-0: Reached on error, E6 (Groundball, 6, EV 82.5 MPH) Dave Hansen scores
|
|
Batting: LHB Rod Myers
|
0-0: Foul Ball, location: 2F 0-1: Fly out, F8 (Line Drive, 8RD, EV 103.1 MPH)
|
|
Batting: RHB Ricky Gutierrez
|
0-0: Swinging Strike 0-1: Ball 1-1: Fly out, F7 (Flyball, 7S, EV 92.5 MPH)
|
| Top of the 3rd over - 1 run, 1 hit, 1 error, 1 left on base; Hartford 2 - Brooklyn 1 |
| BOTTOM OF THE 3RD |
|
Brooklyn Cyclones batting - Pitching for Hartford Whalers : RHP Jimmy Haynes
|
|
Batting: LHB Ray Giannelli
|
0-0: Called Strike 0-1: Ball 1-1: Ball 2-1: Ball 3-1: Swinging Strike 3-2: Base on Balls
|
|
Batting: RHB Jed Hansen
|
0-0: Ball 1-0: Ball 2-0: Foul Ball, location: 2F 2-1: Fielders Choice at 2nd, 5-4 (Groundball, 56, EV 86.3 MPH)
|
|
Batting: SHB Turner Ward
|
0-0: Ball 1-0: Grounds into double play, 4-6-3 (Groundball, 4, EV 102.5 MPH)
|
| Bottom of the 3rd over - 0 runs, 0 hits, 0 errors, 0 left on base; Hartford 2 - Brooklyn 1 |
| TOP OF THE 4TH |
|
Hartford Whalers batting - Pitching for Brooklyn Cyclones : RHP Frankie Rodriguez
|
|
Batting: RHB Kevin Jordan
|
0-0: Ground out 5-3 (Groundball, 56, EV 88.1 MPH)
|
|
Batting: LHB Todd Dunwoody
|
0-0: Foul Ball, location: 2F 0-1: Ball 1-1: Foul Ball, location: 2F 1-2: Foul Ball, location: 2F 1-2: Ball 2-2: SINGLE (Line Drive, 78S, EV 113.1 MPH)
|
|
Batting: RHB Mike Matheny
|
0-0: Foul Ball, location: 2F Pickoff Throw to First - Out! 1-3 0-1: Foul Ball, location: 2F 0-2: Foul Ball, location: 2F 0-2: Ball 1-2: Fly out, F8 (Flyball, 8RD, EV 87.5 MPH)
|
| Top of the 4th over - 0 runs, 1 hit, 0 errors, 0 left on base; Hartford 2 - Brooklyn 1 |
| BOTTOM OF THE 4TH |
|
Brooklyn Cyclones batting - Pitching for Hartford Whalers : RHP Jimmy Haynes
|
|
Batting: LHB Greg Blosser
|
0-0: Ball 1-0: SINGLE (Line Drive, 34D, EV 102.5 MPH)
|
|
Batting: RHB Brent Cookson
|
0-0: Ball 1-0: SINGLE (Groundball, 56D, EV 101.3 MPH) Greg Blosser to second
|
|
Batting: RHB Pedro Castellano
|
0-0: Swinging Strike 0-1: Fly out, F9 (Flyball, 9LD, EV 109.4 MPH) Runner from 2nd tags up, SAFE at 3rd, no throw by RF
|
|
Batting: RHB Mike R. Fitzgerald
|
0-0: Ball 1-0: Ball 2-0: Ball 3-0: Base on Balls Brent Cookson to second
|
|
Batting: RHB Alan Cockrell
|
0-0: Called Strike 0-1: Ball 1-1: Swinging Strike 1-2: Strikes out swinging
|
|
Batting: RHB Onix Concepcion
|
0-0: Foul Ball, location: 2F 0-1: Called Strike 0-2: Ball 1-2: Foul Ball, location: 2F 1-2: Strikes out swinging
|
| Bottom of the 4th over - 0 runs, 2 hits, 0 errors, 3 left on base; Hartford 2 - Brooklyn 1 |
| TOP OF THE 5TH |
|
Hartford Whalers batting - Pitching for Brooklyn Cyclones : RHP Frankie Rodriguez
|
|
Batting: RHB Gary Disarcina
|
0-0: Called Strike 0-1: Ball 1-1: Fly out, F7 (Flyball, 7LS, EV 89.4 MPH)
|
|
Batting: SHB Jason McDonald
|
0-0: Swinging Strike 0-1: Ball 1-1: Called Strike 1-2: Foul Ball, location: 2F 1-2: Ball 2-2: Foul Ball, location: 2F 2-2: Ball 3-2: TRIPLE (Line Drive, 9D, EV 111.9 MPH)
|
|
Pitching: RHP Curt Lyons
|
|
|
Batting: LHB Dave Hansen
|
0-0: Foul Ball, location: 2F 0-1: Ball 1-1: Called Strike 1-2: DOUBLE (Groundball, 3L, EV 110.0 MPH) Jason McDonald scores
|
|
Batting: SHB Bobby Bonilla
|
0-0: Foul Ball, location: 2F 0-1: Foul Ball, location: 2F 0-2: Ball 1-2: Foul Ball, location: 2F 1-2: Foul Ball, location: 2F 1-2: Ball 2-2: Foul Ball, location: 2F 2-2: Ball 3-2: SINGLE (Groundball, 4MD, EV 95.0 MPH) Dave Hansen to third Runner from 3rd tries for Home, SAFE, no throw by CF
|
|
Batting: LHB Rod Myers
|
0-0: Called Strike 0-1: Called Strike 0-2: Ball 1-2: Foul Ball, location: 2F 1-2: Ball 2-2: Ball 3-2: Base on Balls Bobby Bonilla to second
|
|
Batting: RHB Ricky Gutierrez
|
0-0: Ball 1-0: Swinging Strike 1-1: Grounds into double play, 6-4-3 (Groundball, 6, EV 88.1 MPH)
|
| Top of the 5th over - 2 runs, 3 hits, 0 errors, 1 left on base; Hartford 4 - Brooklyn 1 |
| BOTTOM OF THE 5TH |
|
Brooklyn Cyclones batting - Pitching for Hartford Whalers : RHP Jimmy Haynes
|
|
Batting: LHB Ray Giannelli
|
0-0: Ball 1-0: DOUBLE (Groundball, 3L, EV 105.0 MPH)
|
|
Batting: RHB Jed Hansen
|
0-0: Ball 1-0: Ball 2-0: Ball 3-0: Base on Balls
|
|
Batting: SHB Turner Ward
|
0-0: Fly out, F8 (Line Drive, 8LM, EV 103.8 MPH)
|
|
Batting: LHB Greg Blosser
|
0-0: Fly out, F8 (Flyball, 8LM, EV 95.6 MPH)
|
|
Batting: RHB Brent Cookson
|
0-0: Called Strike 0-1: Ball 1-1: Foul Ball, location: 2F 1-2: SINGLE (Groundball, 56, EV 84.4 MPH) (infield hit) Ray Giannelli to third Jed Hansen to second
|
|
Batting: RHB Pedro Castellano
|
0-0: Ground out 4-3 (Groundball, 4, EV 103.8 MPH)
|
| Bottom of the 5th over - 0 runs, 2 hits, 0 errors, 3 left on base; Hartford 4 - Brooklyn 1 |
| TOP OF THE 6TH |
|
Hartford Whalers batting - Pitching for Brooklyn Cyclones : RHP Curt Lyons
|
|
Batting: RHB Kevin Jordan
|
0-0: Ball 1-0: Ball 2-0: Foul Ball, location: 2F 2-1: Ball 3-1: Base on Balls
|
|
Pitching: RHP Manny Aybar
|
|
|
Batting: LHB Todd Dunwoody
|
0-0: DOUBLE (Groundball, 3L, EV 103.1 MPH) Kevin Jordan to third
|
|
Batting: RHB Mike Matheny
|
0-0: Ball 1-0: Called Strike 1-1: Ball 2-1: Foul Ball, location: 2F 2-2: Ball Wild Pitch! Kevin Jordan scores Todd Dunwoody to third 3-2: Base on Balls
|
|
Batting: RHB Gary Disarcina
|
0-0: Called Strike 0-1: Ball 1-1: Foul Ball, location: 2F 1-2: Ball Wild Pitch! Todd Dunwoody scores Mike Matheny to second 2-2: Foul Ball, location: 2F 2-2: Strikes out looking
|
|
Batting: SHB Jason McDonald
|
0-0: Hit by Pitch
|
|
Batting: LHB Dave Hansen
|
0-0: Called Strike 0-1: Ball 1-1: Called Strike 1-2: Fly out, F8 (Flyball, 8LM, EV 83.8 MPH)
|
|
Batting: SHB Bobby Bonilla
|
0-0: Called Strike 0-1: Called Strike 0-2: Reached on error, E6 (Groundball, 6M, EV 83.1 MPH) Mike Matheny to third Jason McDonald to second
|
|
Batting: LHB Rod Myers
|
0-0: Called Strike 0-1: Swinging Strike 0-2: Strikes out looking
|
| Top of the 6th over - 2 runs, 1 hit, 1 error, 3 left on base; Hartford 6 - Brooklyn 1 |
| BOTTOM OF THE 6TH |
|
Brooklyn Cyclones batting - Pitching for Hartford Whalers : RHP Jimmy Haynes
|
|
Batting: RHB Mike R. Fitzgerald
|
0-0: Called Strike 0-1: Ball 1-1: SINGLE (Groundball, 6D, EV 105.6 MPH)
|
|
Batting: RHB Alan Cockrell
|
0-0: Called Strike 0-1: Ball 1-1: Swinging Strike 1-2: Foul Ball, location: 2F 1-2: Ball 2-2: Ball 3-2: Fielders Choice at 2nd, 5-4 (Groundball, 56, EV 85.6 MPH)
|
|
Batting: RHB Onix Concepcion
|
0-0: Ball 1-0: Ball 2-0: Called Strike 2-1: SINGLE (Groundball, 6MD, EV 98.1 MPH) Alan Cockrell to second
|
|
Batting: LHB Ray Giannelli
|
0-0: Fielders Choice at 2nd, 6-4 (Groundball, 6, EV 83.8 MPH) Alan Cockrell to third
|
|
Batting: RHB Jed Hansen
|
0-0: Called Strike 0-1: SINGLE (Line Drive, 78M, EV 108.1 MPH) Alan Cockrell scores Ray Giannelli to second
|
|
Batting: SHB Turner Ward
|
0-0: Called Strike 0-1: Ball 1-1: Fly out, F5 (Popup, 5DF, EV 55.0 MPH)
|
| Bottom of the 6th over - 1 run, 3 hits, 0 errors, 2 left on base; Hartford 6 - Brooklyn 2 |
| TOP OF THE 7TH |
|
Hartford Whalers batting - Pitching for Brooklyn Cyclones : RHP Manny Aybar
|
|
Batting: RHB Ricky Gutierrez
|
0-0: Called Strike 0-1: Called Strike 0-2: Ball 1-2: Foul Ball, location: 2F 1-2: Ball 2-2: Ball 3-2: Foul Ball, location: 2F 3-2: SINGLE (Groundball, 3D, EV 101.3 MPH)
|
|
Batting: RHB Kevin Jordan
|
0-0: Ball 1-0: Called Strike 1-1: Ball 2-1: Foul Ball, location: 2F 2-2: SINGLE (Line Drive, 9LS, EV 86.9 MPH) Ricky Gutierrez to second Runner from 2nd tries for 3rd, SAFE, no throw by RF
|
|
Pitching: RHP Darren Dreifort
|
|
|
Batting: LHB Todd Dunwoody
|
0-0: Called Strike 0-1: Called Strike 0-2: Ball 1-2: Strikes out swinging
|
|
Batting: RHB Mike Matheny
|
0-0: Swinging Strike 0-1: Foul Ball, location: 2F 0-2: Fielders Choice at 2nd, 5-4 (Groundball, 56, EV 85.6 MPH) Ricky Gutierrez scores
|
|
Batting: RHB Gary Disarcina
|
0-0: Foul Ball, location: 2F 0-1: Foul Ball, location: 2F 0-2: Fly out, F8 (Flyball, 8LM, EV 85.0 MPH)
|
| Top of the 7th over - 1 run, 2 hits, 0 errors, 1 left on base; Hartford 7 - Brooklyn 2 |
| BOTTOM OF THE 7TH |
|
Brooklyn Cyclones batting - Pitching for Hartford Whalers : RHP Jimmy Haynes
|
|
Pitching: RHP Oscar Henriquez
|
|
|
Batting: LHB Greg Blosser
|
0-0: Swinging Strike 0-1: Ball 1-1: Fly out, F7 (Flyball, 7LD, EV 88.8 MPH)
|
|
Batting: RHB Brent Cookson
|
0-0: Foul Ball, location: 2F 0-1: Swinging Strike 0-2: Ball 1-2: Strikes out swinging
|
|
Batting: RHB Pedro Castellano
|
0-0: Called Strike 0-1: Ball 1-1: Foul Ball, location: 2F 1-2: Strikes out swinging
|
| Bottom of the 7th over - 0 runs, 0 hits, 0 errors, 0 left on base; Hartford 7 - Brooklyn 2 |
| TOP OF THE 8TH |
|
Hartford Whalers batting - Pitching for Brooklyn Cyclones : RHP Darren Dreifort
|
|
Batting: SHB Jason McDonald
|
0-0: Ball 1-0: Ball 2-0: Ground out 5-3 (Groundball, 56, EV 104.4 MPH)
|
|
Batting: LHB Dave Hansen
|
0-0: Ball 1-0: Foul Ball, location: 2F 1-1: Ball 2-1: Foul Ball, location: 2F 2-2: Fly out, F9 (Flyball, 9D, EV 88.8 MPH)
|
|
Batting: SHB Bobby Bonilla
|
0-0: Called Strike 0-1: Called Strike 0-2: Reached on error, E6 (Groundball, 6M, EV 104.4 MPH)
|
|
Batting: LHB Rod Myers
|
0-0: Ball 1-0: Foul Ball, location: 2F 1-1: Ball 2-1: Foul Ball, location: 2F 2-2: DOUBLE (Line Drive, 8LXD, EV 98.8 MPH) Bobby Bonilla to third
|
|
Batting: RHB Ricky Gutierrez
|
0-0: Ball 1-0: Called Strike 1-1: Ball 2-1: Ball 3-1: Base on Balls
|
|
Batting: RHB Kevin Jordan
|
0-0: Called Strike 0-1: Swinging Strike 0-2: DOUBLE (Line Drive, 7LM, EV 106.9 MPH) Bobby Bonilla scores Rod Myers scores Ricky Gutierrez to third Runner from 3rd tries for Home, SAFE, throw by LF to trailing runner, OUT at third! 7-6-5
|
| Top of the 8th over - 3 runs, 2 hits, 1 error, 0 left on base; Hartford 10 - Brooklyn 2 |
| BOTTOM OF THE 8TH |
|
Brooklyn Cyclones batting - Pitching for Hartford Whalers : RHP Oscar Henriquez
|
|
Batting: RHB Mike R. Fitzgerald
|
0-0: Ball 1-0: Fly out, F9 (Flyball, 9S, EV 80.0 MPH)
|
|
Batting: RHB Alan Cockrell
|
0-0: Foul Ball, location: 2F 0-1: Swinging Strike 0-2: Ball 1-2: Fly out, F3 (Popup, 3L, EV 73.1 MPH)
|
|
Batting: RHB Onix Concepcion
|
0-0: Ball 1-0: Ball 2-0: Foul Ball, location: 2F 2-1: Ground out 6-3 (Groundball, 6, EV 91.3 MPH)
|
| Bottom of the 8th over - 0 runs, 0 hits, 0 errors, 0 left on base; Hartford 10 - Brooklyn 2 |
| TOP OF THE 9TH |
|
Hartford Whalers batting - Pitching for Brooklyn Cyclones : RHP Darren Dreifort
|
|
Pinch Hitting: SHB Felipe Crespo
|
0-0: Ball 1-0: Foul Ball, location: 2F 1-1: Foul Ball, location: 2F 1-2: Ball 2-2: Foul Ball, location: 2F 2-2: Ball 3-2: Ground out U3 (Groundball, 3, EV 81.9 MPH)
|
|
Pitching: RHP Steve Reed
|
|
|
Pinch Hitting: RHB Robert Machado
|
0-0: Called Strike 0-1: Called Strike 0-2: Ball 1-2: Foul Ball, location: 2F 1-2: Fly out, F7 (Flyball, 78M, EV 85.6 MPH)
|
|
Batting: RHB Gary Disarcina
|
0-0: Ground out 4-3 (Groundball, 4MS, EV 76.9 MPH)
|
| Top of the 9th over - 0 runs, 0 hits, 0 errors, 0 left on base; Hartford 10 - Brooklyn 2 |
| BOTTOM OF THE 9TH |
|
Brooklyn Cyclones batting - Pitching for Hartford Whalers : RHP Oscar Henriquez
|
|
Now at C: Robert Machado
|
|
|
Now in RF: Felipe Crespo
|
|
|
Batting: LHB Ray Giannelli
|
0-0: Ball 1-0: Ground out U3 (Groundball, 34S, EV 87.5 MPH)
|
|
Batting: RHB Jed Hansen
|
0-0: Called Strike 0-1: Foul Ball, location: 2F 0-2: Strikes out looking
|
|
Batting: SHB Turner Ward
|
0-0: Ball 1-0: Called Strike 1-1: Swinging Strike 1-2: Fly out, F7 (Flyball, 7LS, EV 71.3 MPH)
|
| Bottom of the 9th over - 0 runs, 0 hits, 0 errors, 0 left on base; Hartford 10 - Brooklyn 2 |
|